 Dungeon Crawl Stone Soup version 0.31-a0-841-g038b102fc3 (webtiles) character file.

Game seed: 18248624596398285410

216 Aneyh the Poker (level 5, -1/34 HPs)
             Began as a Tengu Monk on Sept 28, 2023.
             Slain by an orc wizard
             ... wielding a staff of air
              (4 damage)
             ... on level 4 of the Dungeon.
             The game lasted 00:03:42 (2384 turns).

Aneyh the Poker (Tengu Monk)                        Turns: 2384, Time: 00:03:43

Health: -1/34      AC:  2    Str: 14    XL:     5   Next: 93%
Magic:  6/6        EV: 12    Int: 10    God:
Gold:   141        SH:  4    Dex: 16    Spells: 4/4 levels left

rFire   . . .        o - +0 trident
rCold   . . .        r - +0 buckler
rNeg    . . .        b - +0 robe
rPois   .            (helmet restricted)
rElec   .            (no cloak)
rCorr   .            (no gloves)
SInv    .            (boots unavailable)
Will    .....        (no amulet)
Stlth   +            (no ring)
HPRegen 0.25/turn    (no ring)
MPRegen 0.10/turn

%: acrobat
@: no status effects
A: beak, talons 3, acrobatic
a: no special abilities


You were on level 4 of the Dungeon.
You visited 1 branch of the dungeon, and saw 4 of its levels.

You collected 141 gold pieces.

Inventory:

Hand Weapons
 a - a +0 spear
 c - a +1 whip of electrocution
 n - a +0 double sword
 o - a +0 trident (weapon)
 s - a +0 vampiric short sword
Missiles
 e - 7 poisoned darts (quivered)
 j - 2 throwing nets
Armour
 b - a +0 robe (worn)
 d - an orb of light
 r - a +0 buckler (worn)
Jewellery
 g - a ring of willpower
Wands
 k - a wand of roots (8)
Scrolls
 h - 5 scrolls of identify {unknown}
 m - 2 scrolls of noise {unknown}
Potions
 f - a potion of heal wounds {unknown}
 l - a potion of attraction {unknown}
 p - a potion of brilliance {unknown}
 q - a potion of lignification {unknown}


   Skills:
 * Level 4.4 Fighting
 - Level 6.0 Polearms
 - Level 3.3 Dodging


You had 4 spell levels left.
You didn't know any spells.
Your spell library contained the following spells:

 Spells                   Type           Power      Damage    Failure   Level
 Sting                    Tmut/Pois      0%         1d3       45%         1
 Poisonous Vapours        Pois/Air       0%         N/A       61%         2
 Summon Guardian Golem    Hex/Summ       0%         N/A       83%         3
 Olgreb's Toxic Radiance  Pois           0%         N/A       99%         4
 Orb of Destruction       Conj           0%         9d5       100%        7
 Spellforged Servitor     Conj/Summ      0%         N/A       100%        7


Dungeon Overview and Level Annotations

Branches:
Dungeon (4/15)
 Temple: D:4-7

Altars:
Qazlal

Shops:
D:2 *


Innate Abilities, Weirdness & Mutations

You have a beak for a mouth.
You have claws for feet.
You can magically evade attacks while moving or waiting.


Message History

You barely miss something.
You feel less confused.
You hit the adder. Your kick misses the adder.
You peck the adder, but do no damage.
The adder is moderately wounded.
Something hits you but does no damage. The adder bites you.
You closely miss the adder. Your peck misses the adder.
The adder is moderately wounded.
The adder misses you. Something hits you.
* * * LOW HITPOINT WARNING * * *
Unknown command.
You closely miss something. Your kick misses something.
The adder completely misses you.
You hear some strange, mumbled words.
A magic dart appears from out of thin air!
The magic dart hits you.
* * * LOW HITPOINT WARNING * * *
The adder completely misses you.
It was a potion of curing.
You feel better. You block something's attack. The adder bites you.
* * * LOW HITPOINT WARNING * * *
You are poisoned.
The adder poisons you!
Unknown command.
You hit something. Your kick misses something.
You feel sick. You block the adder's attack. Something barely misses you.
Unknown command.
You feel better. The adder closely misses you. Something hits you.
The adder bites you.
You puncture something! Your kick misses something. You peck something.
Something hits you but does no damage. The adder bites you.
* * * LOW HITPOINT WARNING * * *
Unknown command.
You barely miss something. Something completely misses you.
The adder bites you.
* * * LOW HITPOINT WARNING * * *
You barely miss something. You block the adder's attack. Something hits you.
* * * LOW HITPOINT WARNING * * *
You are electrocuted.
You die...

....... #.............
....... #.............
....... #.............
.......##.#...........
.......#..............
..Z..S))......########
###Z......#
#{So......#
##@##......#
##..##......#
##..##########
#..######
####.........
#...........#
......##........#
..... #........# ....
#........#


You could see an adder, an orc and a kobold zombie.

Vanquished Creatures
  A water moccasin (D:4)
  A sleepcap (D:4)
  An adder (D:3)
  2 worms
  4 orcs
  5 bats
  5 endoplasms
  A giant cockroach (D:3)
  2 goblins (D:1)
  5 hobgoblins
  7 jackals (D:3)
  5 quokkas
  8 ball pythons
  6 frilled lizards
  6 kobolds
  5 rats
64 creatures vanquished.

Notes
Turn   | Place    | Note
-------+----------+-------------------------------------------
     0 | D:1      | Aneyh the Tengu Monk began the quest for the Orb.
     0 | D:1      | Reached XP level 1. HP: 14/14 MP: 2/2
    56 | D:1      | Reached XP level 2. HP: 19/19 MP: 3/3
    91 | D:1      | Reached skill level 4 in Polearms
   499 | D:2      | Reached XP level 3. HP: 23/23 MP: 4/4
   564 | D:2      | Found Dodob's General Store.
  1197 | D:2      | Found a stormy altar of Qazlal.
  1320 | D:3      | Reached skill level 5 in Polearms
  1484 | D:3      | Reached XP level 4. HP: 26/28 MP: 5/5
  2238 | D:4      | Noticed a water moccasin
  2248 | D:4      | Killed a water moccasin
  2249 | D:4      | Reached skill level 6 in Polearms
  2249 | D:4      | Reached XP level 5. HP: 5/33 MP: 6/6
  2384 | D:4      | Slain by an orc wizard

Illustrated notes

Levels and vault maps discovered:
D:1:      ldierk_walled_garden, layout_rooms, minmay_tiny_reverse_x
D:2:      layout_basic, basic_altar, serial_shops,
          nicolae_shop_tiny_statue_garden
D:3:      layout_loops_ring, serial_rivers, chequers_serial_rivers_marsh,
          chequers_serial_rivers_small_3, chequers_serial_rivers_micro_e,
          chequers_serial_rivers_micro_b, chequers_serial_rivers_small_a
D:4:      layout_basic, lemuel_crystal_altar, dk_yredelemnul_ordeal

Skill      XL: |  1  2  3  4 |
---------------+-------------+-----
Polearms       | 4 5 6 |  6.0
Fighting       | 4 |  4.4
Dodging        | |  3.3

Action                     |  1- 3 |  4- 6 || total
---------------------------+-------+-------++-------
  Melee: Spear             |   118 |       ||   118
         Kick              |    20 |    16 ||    36
         Peck              |     7 |    11 ||    18
         Trident           |     6 |    94 ||   100
         Punch             |     1 |       ||     1
  Throw: Dart              |     3 |       ||     3
    Use: Potion            |       |     3 ||     3
   Stab: Sleeping          |     3 |     1 ||     4
 Armour: Robe              |    38 |    58 ||    96
  Dodge: Dodged            |    49 |    51 ||   100
  Block: Buckler           |       |     6 ||     6

Table legend: (Time is in decaauts)
 A = Elapsed time spent in this place.
 B = Non-inter-level travel time spent in this place.
 C = Inter-level travel time spent in this place.
 D = Time resting spent in this place.
 E = Time spent auto-exploring this place.
 F = Levels seen in this place.
 G = Mean time per level.
                   A        B        C        D        E       F      G
               +--------+--------+--------+--------+--------+-----+--------+
         Total |   2384 |   2273 |    111 |    345 |   1484 |   4 |  596.0 |
       Dungeon |   2384 |   2273 |    111 |    345 |   1484 |   4 |  596.0 |
               +--------+--------+--------+--------+--------+-----+--------+

Top non-repeatable levels by time:
     D:3: 913 daAuts
     D:2: 767 daAuts
     D:1: 469 daAuts
     D:4: 232 daAuts
